 Dungeon Crawl Stone Soup version 0.17.0-15-g6d90897 (webtiles) character file.

11773 Ijustatesigmund the Covert (level 11, -6/76 HPs)
             Began as an Octopode Assassin on Nov 10, 2015.
             Was a Priest of Okawaru.
             Mangled by Maud
             ... wielding a +4 battleaxe
              (33 damage)
             ... on level 2 of the Orcish Mines.
             The game lasted 01:15:04 (15933 turns).

Ijustatesigmund the Covert (Octopode Assassin)     Turns: 15933, Time: 01:15:04

Health: -6/76      AC:  8    Str: 10    XL:     11   Next: 83%
Magic:  15/16      EV: 21    Int: 15    God:    Okawaru [***...]
Gold:   1070       SH:  9    Dex: 18    Spells: 2 memorised, 7 levels left

rFire  . . .     SeeInvis .     B - +2 flail (protect)
rCold  . . .     Clarity  .     w - +2 buckler
rNeg   + . .     SustAt   .     (helmet restricted)
rPois  .         Gourm    .     (no amulet)
rElec  +         Spirit   .     u - ring of stealth
rCorr  .         Warding  .     l - ring of positive energy
rMut   .         Stasis   .     (no ring)
MR     +....                    (no ring)
Stlth  +++++++++.               (no ring)
                                (no ring)
                                (no ring)
                                (no ring)

@: heroism, somewhat resistant to hostile enchantments, incredibly stealthy
A: almost no armour, amphibious, 8 rings, constrict 8, tentacle spike 1, molten
scales 1, camouflage 1, clever 1, magic resistance 1, shaggy fur 1, electricity
resistance, wild magic 1, gelatinous body 1, evolution 2
a: Heroism, Renounce Religion


You were on level 2 of the Orcish Mines.
You worshipped Okawaru.
Okawaru was most pleased with you.
You were hungry.

You visited 2 branches of the dungeon, and saw 14 of its levels.

You collected 1511 gold pieces.
You spent 441 gold pieces at shops.

Inventory:

Hand Weapons
 a - a +2 dagger
 b - a +2 blowgun
 A - a +2 vampiric war axe
 B - a +2 flail of protection (weapon)
Missiles
 j - 2 tomahawks of dispersal
 n - 13 tomahawks (quivered)
 x - 5 poisoned needles
 G - a needle of slowing
Armour
 w - a +2 buckler (worn)
 F - a fire dragon hide
Jewellery
 l - a ring of positive energy (right tentacle)
 u - a ring of stealth (left tentacle)
 J - an uncursed ring of fire {unknown}
Wands
 h - a wand of slowing (20)
 p - a wand of enslavement (13)
 D - a wand of magic darts (4)
 E - a wand of random effects (29)
Scrolls
 m - a scroll of amnesia
 s - 4 scrolls of remove curse
 t - 2 scrolls of immolation
 y - a scroll of recharging
 z - a scroll of vulnerability
Potions
 c - a potion of agility
 d - a potion of flight
 g - 3 potions of cancellation
 k - 6 potions of curing
 o - 3 potions of cure mutation
 r - a potion of ambrosia
 v - a potion of magic
Books
 f - a book of Battle

   Spells                             Type                      Level
   a - Infusion                       Charms                       1
   b - Shroud of Golubria             Charms/Translocation         2
   c - Song of Slaying                Charms                       2
   d - Spectral Weapon                Hexes/Charms                 3
   e - Regeneration                   Charms/Necromancy            3
Comestibles
 e - 3 bread rations
 i - 4 meat rations
 q - 9 fruits
 C - 2 chunks of flesh


   Skills:
 + Level 7.7(12.7) Fighting
 - Level 3.0(8.0) Short Blades
 - Level 6.6(11.6) Maces & Flails
 + Level 6.6(11.6) Throwing
 + Level 6.0(11.0) Dodging
 - Level 9.2(14.2) Stealth
 - Level 4.0(9.0) Shields
 - Level 5.9 Charms
 - Level 5.0 Translocations
 - Level 7.9 Invocations


You had 7 spell levels left.
You knew the following spells:

 Your Spells              Type           Power        Failure   Level  Hunger
a - Infusion              Chrm           ####..       7%          1    ##.....
b - Shroud of Golubria    Chrm/Tloc      ###.......   13%         2    ###....


Dungeon Overview and Level Annotations

Branches:
Dungeon (11/15)            Temple (0/1) D:5            Lair (0/8) D:8
    Orc (3/4) D:10
    Elf: Orc:3-4

Altars:
Ashenzari
Elyvilon
Fedhas
Gozag
Makhleb
Okawaru
Ru
Sif Muna
Trog
Vehumet
Yredelemnul
Zin
Beogh

Shops:
D:5 *   D:8 *   Orc:2 %*

Annotations:
D:9 4thArraOfDagon's ghost, novice MiFi
D:11 Josephine
Orc:2 Maud


Innate Abilities, Weirdness & Mutations

You cannot wear most types of armour.
You are amphibious.
You can wear up to eight rings at the same time.
You can use your tentacles to constrict eight enemies at once.
Your skin changes colour to match your surroundings (Stealth).
Your rubbery body absorbs attacks (AC +1).
One of your tentacles bears a spike.
You are partially covered in molten scales (AC +1).
Your mind is acute. (Int +2)
You are resistant to hostile enchantments.
You are covered in fur (AC +1).
You are resistant to electric shocks.
Your spells are a little harder to cast, but a little more powerful.
You rapidly evolve.


Message History

Maud hits you with an enchanted battleaxe!!
Your shroud falls apart!
You sock Maud!
Maud is heavily wounded.
You constrict Maud, but do no damage. You hit Maud but do no damage.
You pierce Maud, but do no damage.
Maud is heavily wounded.
You constrict Maud. Maud misses you.
You hit Maud but do no damage. You squeeze Maud!
Maud is severely wounded.
You constrict Maud, but do no damage.
Maud hits you with an enchanted battleaxe!!
You hit Maud.
You pierce Maud, but do no damage.
You squeeze Maud.
Maud is severely wounded.
You constrict Maud. You sock Maud!
You pierce Maud, but do no damage.
Maud is almost dead.
You constrict Maud.
Maud hits you with an enchanted battleaxe!!
You die...

# #.......##....#......## #
##......(##......#....## #
######..............###....##
##.#.#..(...........###......# #
#........(.......#.###...#..##
#####.#...)[)(.....#...###....#.#
.##....##..<>.[>...#.............
##........)[(..[@...............#
.##.............@...............#
#..#............).......#......##
....#.......................####
.....#..................#.....##
.....#..................#......#
#........#....................##
.#............................###
...............#...............##
..............###.#............#.


You could see Maud.

Vanquished Creatures
  2 unseen horrors (D:10)
  A gargoyle (D:10)
  2 trolls (D:10)
  2 polar bears (D:10)
  3 wraiths
  3 hippogriffs
  2 hungry ghosts
  A basilisk (D:8)
  5 yaks
  A wyvern (D:10)
  2 water moccasins
  6 porcupines
  A warg (Orc:2)
  9 orc warriors
  4 ice beasts
  9 ogres
  A sky beast (D:5)
  3 phantoms
  4 necrophages
  4 centaurs
  3 crocodiles
  A big kobold (D:9)
  2 giant frogs
  16 wights
  A scorpion (D:8)
  A troll zombie (D:10)
  A quasit (D:9)
  3 crimson imps
  A centaur zombie (D:8)
  2 human zombies (D:8)
  2 gnoll shamans (D:7)
  A giant frog zombie (D:10)
  A human skeleton (D:8)
  Crazy Yiuf (D:2)
  3 iguanas
  9 orc priests
  6 jellies
  17 orc wizards
  Jessica (D:2)
  8 hounds
  5 worker ants
  Natasha (thrice) (D:4)
  A killer bee zombie (D:7)
  7 ogre zombies (D:10)
  A mummy (D:8)
  5 river rats (D:8)
  9 gnolls
  10 adders
  3 shadow imps
  2 adder skeletons
  An adder zombie (D:5)
  3 worms
  5 giant geckos
  92 orcs
  4 ball pythons
  4 giant cockroaches
  5 goblins
  4 hobgoblins
  11 jackals
  3 quokkas
  4 bats
  2 giant gecko skeletons
  2 giant gecko zombies
  6 giant newts
  A goblin skeleton (D:10)
  2 goblin zombies (D:10)
  5 hobgoblin zombies (D:10)
  14 kobolds
  3 orc skeletons (D:10)
  15 orc zombies
  A quokka skeleton (D:6)
  2 quokka zombies
  9 rats
389 creatures vanquished.

Vanquished Creatures (others)
  A bush (D:8)
  A fungus (D:8)
  5 plants
7 creatures vanquished.

Grand Total: 396 creatures vanquished

Notes
Turn   | Place    | Note
--------------------------------------------------------------
     0 | D:1      | Ijustatesigmund the Octopode Assassin began the quest for the Orb.
     0 | D:1      | Reached XP level 1. HP: 14/14 MP: 1/1
   510 | D:1      | Reached XP level 2. HP: 19/19 MP: 2/2
   829 | D:2      | Found an iron altar of Okawaru.
   843 | D:2      | Became a worshipper of Warmaster Okawaru
   912 | D:2      | Found a faded altar to an unknown god.
   989 | D:2      | Reached XP level 3. HP: 22/25 MP: 3/3
  1096 | D:2      | Noticed Jessica
  1110 | D:2      | Killed Jessica
  1255 | D:2      | Reached XP level 4. HP: 22/30 MP: 4/4
  1407 | D:2      | Reached skill level 1 in Invocations
  1484 | D:2      | Noticed Crazy Yiuf
  1498 | D:2      | Killed Crazy Yiuf
  1498 | D:2      | Reached skill level 6 in Stealth
  1835 | D:2      | Found a glowing silver altar of Zin.
  1835 | D:2      | Found an opulent altar of Gozag.
  1929 | D:3      | Found a blossoming altar of Fedhas.
  1937 | D:3      | Gained mutation: You have a beak for a mouth. [potion of beneficial mutation]
  1938 | D:3      | Gained mutation: You can breathe flames. [potion of beneficial mutation]
  2323 | D:3      | Reached XP level 5. HP: 36/36 MP: 6/6
  2484 | D:4      | Noticed a phantom
  2532 | D:4      | Lost mutation: You can breathe flames. [potion of cure mutation]
  2532 | D:4      | Lost mutation: You have a beak for a mouth. [potion of cure mutation]
  2551 | D:5      | Entered Level 5 of the Dungeon
  2686 | D:5      | Noticed a sky beast
  2688 | D:5      | Noticed an ogre
  2696 | D:5      | Killed a sky beast
  2696 | D:5      | Reached skill level 1 in Maces & Flails
  2707 | D:5      | Killed an ogre
  2707 | D:5      | Reached * piety under Okawaru
  2707 | D:5      | Reached XP level 6. HP: 21/42 MP: 6/8
  2893 | D:5      | Found a staircase to the Ecumenical Temple.
  2996 | D:5      | Gained mutation: You evolve. [potion of mutation]
  2996 | D:5      | Gained mutation: You are covered in fur (AC +1). [potion of mutation]
  2996 | D:5      | Gained mutation: You occasionally shout uncontrollably at your foes. [potion of mutation]
  3037 | D:5      | Noticed an ogre
  3068 | D:5      | Killed an ogre
  3068 | D:5      | Reached XP level 7. HP: 26/46 MP: 8/10
  3103 | D:5      | Gained mutation: Your mind is acute. (Int +2) [potion of mutation]
  3103 | D:5      | Gained mutation: You are partially covered in molten scales (AC +1). [potion of mutation]
  3103 | D:5      | Gained mutation: One of your tentacles bears a spike. [potion of mutation]
  3104 | D:5      | Lost mutation: You occasionally shout uncontrollably at your foes. [potion of mutation]
  3104 | D:5      | Gained mutation: You are resistant to hostile enchantments. [potion of mutation]
  3277 | D:5      | Found a deep blue altar of Sif Muna.
  3383 | D:5      | Gained mutation: You are resistant to electric shocks. [potion of beneficial mutation]
  3398 | D:5      | Found Plog's Serpentskin Sales.
  3398 | D:5      | Noticed a water moccasin
  3403 | D:5      | Killed a water moccasin
  3408 | D:5      | Bought 7 poisoned tomahawks for 77 gold pieces
  3582 | D:5      | Noticed an ogre
  3587 | D:5      | Killed an ogre
  3768 | D:5      | Reached skill level 5 in Invocations
  4415 | D:6      | Reached XP level 8. HP: 38/52 MP: 12/12
  4617 | D:6      | Found a white marble altar of Elyvilon.
  4638 | D:6      | Reached ** piety under Okawaru
  4739 | D:6      | Learned a level 1 spell: Infusion
  4780 | D:6      | Reached skill level 1 in Charms
  4786 | D:6      | Reached skill level 5 in Dodging
  5041 | D:6      | Found a shattered altar of Ashenzari.
  5549 | D:5      | Reached skill level 1 in Shields
  5680 | D:4      | Killed a phantom
  5856 | D:4      | Noticed Natasha
  5862 | D:4      | Killed Natasha
  5913 | D:4      | Noticed Natasha
  5919 | D:4      | Killed Natasha
  6116 | D:4      | Found a burning altar of Makhleb.
  6180 | D:4      | Noticed Natasha
  6184 | D:4      | Killed Natasha
  6647 | D:7      | Reached XP level 9. HP: 28/55 MP: 13/13
  6869 | D:7      | Reached skill level 5 in Charms
  7306 | D:7      | Noticed a hippogriff
  7316 | D:7      | Killed a hippogriff
  7436 | D:7      | Learned a level 2 spell: Shroud of Golubria
  7478 | D:8      | Reached skill level 1 in Translocations
  7841 | D:7      | Reached *** piety under Okawaru
  7988 | D:7      | Reached skill level 5 in Fighting
  7988 | D:7      | Reached XP level 10. HP: 29/65 MP: 14/14
  8226 | D:8      | Reached skill level 5 in Maces & Flails
  8784 | D:8      | Reached **** piety under Okawaru
  8784 | D:8      | Reached skill level 5 in Translocations
  9239 | D:8      | Gained mutation: Your spells are a little harder to cast, but a little more powerful. [evolution]
  9449 | D:8      | Found a staircase to the Lair.
  9544 | D:8      | Reached skill level 7 in Fighting
  9627 | D:8      | Found a sacrificial altar of Ru.
 10064 | D:8      | Found a basalt altar of Yredelemnul.
 10195 | D:8      | Found Cevyfonk's General Store.
 10203 | D:8      | Bought a scroll of enchant armour for 112 gold pieces
 10356 | D:9      | Noticed 4thArraOfDagon's ghost (novice MiFi)
 10366 | D:9      | Found a radiant altar of Vehumet.
 10386 | D:9      | Reached XP level 11. HP: 69/74 MP: 14/16
 10531 | D:9      | Found a bloodstained altar of Trog.
 10919 | D:10     | Entered Level 10 of the Dungeon
 11023 | D:10     | Found a staircase to the Orcish Mines.
 11102 | D:10     | Found a bloodstained altar of Trog.
 11174 | D:10     | Received a gift from Okawaru
 11589 | D:10     | Killed an unseen horror
 11589 | D:10     | Reached skill level 5 in Throwing
 11589 | D:10     | Reached skill level 8 in Stealth
 12198 | D:10     | Received a gift from Okawaru
 12490 | D:10     | Reached skill level 9 in Stealth
 13295 | D:11     | Noticed Josephine
 13295 | D:11     | Noticed a five-headed hydra
 13310 | D:10     | HP: 1/75 [wraith[Josephine] (3)]
 13670 | D:10     | Killed an unseen horror
 13951 | Orc:1    | Entered Level 1 of the Orcish Mines
 14050 | Orc:1    | Found a roughly hewn altar of Beogh.
 14458 | Orc:1    | Gained mutation: You rapidly evolve. [evolution]
 14878 | Orc:2    | Found Ewkog's Assorted Antiques.
 15038 | Orc:2    | Bought an iron ring for 140 gold pieces
 15038 | Orc:2    | Bought a bone wand for 112 gold pieces
 15094 | Orc:2    | Found Yskocobb's Food Shoppe.
 15438 | Orc:2    | Found a roughly hewn altar of Beogh.
 15583 | Orc:3    | Noticed Maud
 15583 | Orc:3    | Noticed an orc knight
 15933 | Orc:2    | Mangled by Maud

Action                   |  1- 3 |  4- 6 |  7- 9 | 10-12 || total
-------------------------+-------+-------+-------+-------++-------
Melee: Dagger            |    48 |     8 |       |       ||    56
       Mace              |       |    63 |    84 |       ||   147
       Quarterstaff      |       |     1 |       |       ||     1
       Flail             |       |       |   189 |   654 ||   843
 Fire: Blowgun           |     7 |    14 |     5 |    52 ||    78
Throw: Tomahawk          |       |       |    53 |    40 ||    93
       Javelin           |       |       |       |    35 ||    35
 Cast: Infusion          |       |       |     1 |     2 ||     3
       Shroud of Golubri |       |       |     1 |     6 ||     7
Invok: Heroism           |       |       |    13 |    16 ||    29
  Use: Scroll            |     3 |     8 |    15 |     9 ||    35
       Potion            |       |     5 |     6 |     4 ||    15
 Stab: Sleeping          |     7 |    15 |    14 |    22 ||    58
       Invisible         |       |       |     3 |       ||     3
       Distracted        |       |       |     1 |     6 ||     7
  Eat: Chunk             |     1 |     5 |    10 |    12 ||    28
       Beef jerky        |       |       |     2 |     1 ||     3
       Bread ration      |       |       |     1 |     2 ||     3
       Fruit             |       |       |       |    15 ||    15
